 Dungeon Crawl Stone Soup version 0.20.0-4-g10b340a (webtiles) character file.

27099 Kosschaser the Basher (level 13, 0/82 HPs)
             Began as a Gargoyle Fighter on May 28, 2017.
             Was a High Priest of Okawaru.
             Killed from afar by a rime drake (22 damage)
             ... with a flash freeze
             ... on level 4 of the Lair of Beasts.
             The game lasted 01:00:11 (17755 turns).

Kosschaser the Basher (Gargoyle Fighter)           Turns: 17755, Time: 01:00:12

Health: 0/82       AC: 16    Str: 24    XL:     13   Next: 30%
Magic:  14/14      EV: 11    Int: 10    God:    Okawaru [*****.]
Gold:   636        SH: 23    Dex:  9    Spells: 10/12 levels left

rFire    + . .     SeeInvis .   J - +1 morningstar (protect)
rCold    . . .     Gourm    .   O - +0 large shield
rNeg     + . .     Faith    .   L - +3 ring mail
rPois    ∞         Spirit   .   e - +0 helmet
rElec    +         Reflect  +   (no cloak)
rCorr    .         Harm     .   (no gloves)
MR       .....                  (no boots)
Stlth    +.........             y - +4 amulet of reflection
Regen    0.3/turn               d - +2 ring of slaying
MPRegen  0.2/turn               D - ring of protection from fire

@: corroded
A: negative energy resistance 1, electricity resistance, unbreathing,
petrification resistance, rot immunity, AC +9
a: Heroism, Finesse, Renounce Religion


You were on level 4 of the Lair of Beasts.
You worshipped Okawaru.
Okawaru was extremely pleased with you.
You were not hungry.

You visited 3 branches of the dungeon, and saw 15 of its levels.
You also visited: Ossuary and Bailey.

You collected 911 gold pieces.
You spent 275 gold pieces at shops.

Inventory:

Hand Weapons
 J - a +1 morningstar of protection (weapon)
Missiles
 p - 6 throwing nets (quivered)
Armour
 e - a +0 helmet (worn)
 L - a +3 ring mail (worn)
 O - a +0 large shield (worn)
Jewellery
 d - a +2 ring of slaying (left hand)
 y - a +4 amulet of reflection (around neck)
 B - an uncursed amulet of guardian spirit
 D - a ring of protection from fire (right hand)
Wands
 a - a wand of iceblast (4/15)
 b - a wand of random effects (46/48)
 A - a wand of enslavement (12/24)
 F - a wand of acid (8/15)
Scrolls
 i - a scroll of fog {unknown}
 l - 3 scrolls of teleportation
 m - 2 scrolls of magic mapping
 r - 6 scrolls of remove curse
 s - 2 scrolls of recharging
 w - 3 scrolls of amnesia
 x - 2 scrolls of enchant weapon
 C - 3 scrolls of enchant armour
 G - a scroll of fear {unknown}
 I - 2 scrolls of blinking
 P - a scroll of identify
Potions
 h - 3 potions of haste
 k - 4 potions of agility
 n - a potion of berserk rage {unknown}
 o - 2 potions of flight {unknown}
 q - a potion of ambrosia
 t - 2 potions of cancellation {unknown}
 u - a potion of resistance {unknown}
 v - a potion of might
 z - 6 potions of curing
 E - a potion of lignification
 H - a potion of invisibility
 K - a potion of brilliance {unknown}
 N - 3 potions of heal wounds
Books
 M - a book of Frost

   Spells                             Type                      Level
   a - Freeze                         Ice                          1
   b - Throw Frost                    Conjuration/Ice              2
   c - Ozocubu's Armour               Charms/Ice                   3
   d - Throw Icicle                   Conjuration/Ice              4
   e - Summon Ice Beast               Ice/Summoning                4
 Q - a book of Geomancy

   Spells                             Type                      Level
   a - Sandblast                      Earth                        1
   b - Passwall                       Transmutation/Earth          2
   c - Stone Arrow                    Conjuration/Earth            3
   d - Petrify                        Transmutation/Earth          4
   e - Lee's Rapid Deconstruction     Earth                        5
Comestibles
 c - 4 meat rations
 f - 8 bread rations
 g - 6 royal jellies
 j - 12 fruits


   Skills:
 + Level 10.1 Fighting
 + Level 13.5 Maces & Flails
 + Level 8.8 Armour
 + Level 5.9 Dodging
 - Level 1.3 Stealth
 + Level 12.3 Shields
 + Level 1.4 Invocations


You had 10 spell levels left.
You knew the following spells:

 Your Spells              Type           Power        Failure   Level  Hunger
b - Passwall              Tmut/Erth      #.........   99%         2    ###....


Dungeon Overview and Level Annotations

Branches:
Dungeon (10/15)            Temple (1/1) D:4            Lair (4/6) D:10
 Shoals (0/4) Lair:2
  Snake: Lair:2-4    Spider: Lair:2-4       Orc: D:9-12

Altars:
Ashenzari
Cheibriados
Dithmenos
Elyvilon
Fedhas
Gozag
Hepliaklqana
Kikubaaqudgha
Makhleb
Nemelex Xobeh
Okawaru
Qazlal
Ru
Sif Muna
Trog
Uskayaw
Vehumet
Xom
Yredelemnul
Zin
The Shining One

Shops:
D:5 *   D:6 **%=!   D:8 !

Portals:
Trove: D:10 (give 18 scrolls of identify)

Annotations:
Lair:4 exclusion: oklob plant


Innate Abilities, Weirdness & Mutations

You are resistant to torment.
Your stone body is resilient. (AC +9)
You are immune to poison.
You resist negative energy. (rN+)
You are resistant to electric shocks. (rElec)
You can survive without breathing.
You are immune to petrification.
You are immune to rotting.


Message History

You are encased in ice.
You closely miss the rime drake.
The rime drake is severely wounded.
You block the rime drake's attack.
Your magical contamination has completely faded away.
You closely miss the rime drake.
The rime drake is severely wounded.
The rime drake bites you but does no damage.
You completely miss the rime drake.
The rime drake is severely wounded.
The ice encasing you melts away. You block the rime drake's attack.
You closely miss the rime drake.
The rime drake is severely wounded.
You block the rime drake's attack.
You completely miss the rime drake.
The rime drake is severely wounded.
The rime drake breathes ice at you. The flash freeze hits you!
You die...

..........)....................
.....#†........................
...............................
.............................#P
............................P#
....#..................####.##
....#P................## ##
................k.....#
................@....##
.................r....#
......#..............P#
#..#.......<.........P#
##..#.#...............# ....#
............... #..
................
P............... .....PP.....


You could see a rime drake and a porcupine.

Vanquished Creatures
  4 hydras
  A catoblepas (Lair:3)
  3 two-headed ogres
  Urug (Lair:2)
  An unseen horror (D:10)
  A merfolk siren (Lair:2)
  Joseph (D:8)
  A gargoyle (D:10)
  2 black mambas
  7 spiny frogs
  A centaur skeleton (D:10)
  7 komodo dragons
  2 rime drakes
  The ghost of Welfe the Slicer, a novice KoBe of Trog (D:3)
  A hornet (D:9)
  2 polar bears (Lair:3)
  4 blink frogs (Lair:3)
  5 hippogriffs
  29 yaks
  3 wyverns
  2 basilisks (D:10)
  Menkaure (D:6)
  2 soldier ants (D:10)
  7 porcupines
  8 water moccasins
  An orc warrior (D:6)
  3 sky beasts
  3 wolves
  2 phantoms
  2 black bears
  4 crocodiles
  5 centaurs
  7 bullfrogs
  8 gnoll sergeants (Bailey)
  A water moccasin zombie (D:8)
  8 scorpions
  2 killer bees
  3 wights (D:9)
  A howler monkey (D:5)
  9 hounds
  2 crimson imps
  A centaur zombie (D:6)
  2 bullfrog zombies
  A quasit (D:5)
  6 gnoll shamans (Bailey)
  4 orc priests
  A bullfrog skeleton (D:6)
  A jelly (D:5)
  7 orc wizards
  Jessica (D:3)
  5 iguanas
  12 worker ants
  A big kobold zombie (Ossuary)
  A hound zombie (D:5)
  3 mummies (Ossuary)
  A worker ant zombie (D:10)
  10 adders
  20 gnolls
  2 scorpion zombies (Ossuary)
  3 oozes
  An adder zombie (D:8)
  2 adder skeletons
  3 worms
  A dart slug (D:2)
  5 leopard geckos
  28 orcs
  2 giant cockroaches
  A gnoll zombie (Ossuary)
  3 goblins
  10 hobgoblins
  10 jackals
  2 quokkas
  A ball python (D:2)
  7 bats
  6 frilled lizards
  5 goblin zombies
  A hobgoblin zombie (Ossuary)
  12 kobolds
  2 kobold zombies (Ossuary)
  A leopard gecko skeleton (D:6)
  An orc zombie (Ossuary)
  2 quokka skeletons (D:6)
  9 rats
  A rat zombie (D:5)
  A plant (D:1)
357 creatures vanquished.

Vanquished Creatures (collateral kills)
  A killer bee (D:7)
1 creature vanquished.

Vanquished Creatures (others)
  A killer bee (D:7)
  An orc (D:6)
  8 fungi
  4 plants
14 creatures vanquished.

Grand Total: 372 creatures vanquished

Notes
Turn   | Place    | Note
-------+----------+-------------------------------------------
     0 | D:1      | Kosschaser the Gargoyle Fighter began the quest for the Orb.
     0 | D:1      | Reached XP level 1. HP: 14/14 MP: 1/1
   152 | D:1      | Reached XP level 2. HP: 11/19 MP: 2/2
   536 | D:1      | Reached XP level 3. HP: 23/23 MP: 3/3
  1337 | D:2      | Reached skill level 3 in Maces & Flails
  1623 | D:2      | Found a white marble altar of Elyvilon.
  1636 | D:2      | Found a shadowy altar of Dithmenos.
  1641 | D:2      | Found a basalt altar of Yredelemnul.
  1734 | D:2      | Reached XP level 4. HP: 28/28 MP: 4/4
  2195 | D:2      | Found a stormy altar of Qazlal.
  2242 | D:3      | Noticed Welfe's ghost (novice KoBe)
  2518 | D:3      | Noticed a phantom
  2534 | D:3      | Killed a phantom
  2534 | D:3      | Reached XP level 5. HP: 15/33 MP: 5/5
  2763 | D:3      | Reached skill level 4 in Maces & Flails
  2999 | D:3      | Killed Welfe's ghost
  2999 | D:3      | Reached skill level 5 in Maces & Flails
  2999 | D:3      | Reached skill level 1 in Dodging
  2999 | D:3      | Reached skill level 5 in Shields
  2999 | D:3      | Reached XP level 6. HP: 23/38 MP: 6/6
  2999 | D:3      | Reached XP level 7. HP: 27/43 MP: 7/7
  3056 | D:3      | HP: 1/43 [orc wizard/puff of frost (6)]
  3206 | D:3      | Noticed Jessica
  3209 | D:3      | Killed Jessica
  4000 | D:4      | Found a staircase to the Ecumenical Temple.
  4007 | Temple   | Entered the Ecumenical Temple
  4803 | D:5      | Entered Level 5 of the Dungeon
  4817 | D:5      | Found a sand-covered staircase.
  4833 | Ossuary  | Entered an ossuary
  4862 | Ossuary  | Reached XP level 8. HP: 48/48 MP: 8/8
  4865 | Ossuary  | Reached skill level 5 in Fighting
  4908 | Ossuary  | Reached skill level 6 in Maces & Flails
  5044 | Ossuary  | Reached skill level 5 in Armour
  5400 | D:5      | Found Zin's Purification Station.
  5414 | D:5      | Found a glowing silver altar of Zin.
  5508 | D:5      | Found an ancient bone altar of Kikubaaqudgha.
  5748 | D:6      | Found Etaff's Food Shoppe.
  5767 | D:6      | Noticed Menkaure
  6059 | D:6      | Killed Menkaure
  6059 | D:6      | Reached skill level 7 in Maces & Flails
  6123 | D:6      | Reached XP level 9. HP: 25/55 MP: 9/9
  6136 | D:6      | Reached skill level 1 in Stealth
  6141 | D:6      | Found Teduaxio's Jewellery Shoppe.
  6335 | D:6      | Found Mottarozue's Distillery.
  6346 | D:6      | Bought a potion of curing for 39 gold pieces
  6519 | D:6      | Found Garrimoi's General Store.
  6528 | D:6      | Bought a scroll of identify for 28 gold pieces
  6528 | D:6      | Bought a potion of heal wounds for 70 gold pieces
  6852 | D:6      | Found Wuud's General Store.
  6860 | D:6      | Bought a scroll of magic mapping for 38 gold pieces
  7224 | D:7      | Reached skill level 8 in Maces & Flails
  8044 | D:8      | Found Hajydais's Distillery.
  8075 | D:8      | Found a flagged portal.
  8167 | Bailey   | Entered a bailey
  8275 | Bailey   | Reached XP level 10. HP: 41/61 MP: 10/10
  9274 | D:8      | Noticed a two-headed ogre
  9311 | D:9      | Reached skill level 9 in Maces & Flails
 10506 | D:8      | Killed a two-headed ogre
 10554 | D:8      | Bought a potion of heal wounds for 50 gold pieces
 10554 | D:8      | Bought a potion of heal wounds for 50 gold pieces
 10894 | D:8      | Found an iron altar of Okawaru.
 10897 | D:8      | Became a worshipper of Warmaster Okawaru
 11027 | D:8      | Found a snail-covered altar of Cheibriados.
 11033 | D:8      | Noticed Joseph
 11068 | D:8      | Killed Joseph
 11346 | D:8      | Reached skill level 10 in Maces & Flails
 11428 | D:10     | Entered Level 10 of the Dungeon
 11481 | D:10     | Reached * piety under Okawaru
 11481 | D:10     | Reached XP level 11. HP: 34/67 MP: 11/11
 11898 | D:10     | Found a staircase to the Lair.
 11904 | D:10     | Reached skill level 10 in Shields
 11915 | D:10     | Noticed a two-headed ogre
 11936 | D:10     | Killed a two-headed ogre
 11969 | D:10     | Reached ** piety under Okawaru
 12022 | D:10     | Noticed a two-headed ogre
 12038 | D:10     | Killed a two-headed ogre
 12084 | D:10     | Found a portal to a secret trove of treasure.
 12234 | D:10     | Killed an unseen horror
 12234 | D:10     | Reached skill level 11 in Maces & Flails
 12330 | Lair:1   | Entered Level 1 of the Lair of Beasts
 12904 | Lair:1   | Reached *** piety under Okawaru
 13242 | Lair:1   | Reached **** piety under Okawaru
 13251 | Lair:1   | Reached XP level 12. HP: 20/75 MP: 12/12
 13960 | Lair:1   | Noticed an eight-headed hydra
 14574 | Lair:2   | Noticed an eight-headed hydra
 14575 | Lair:2   | Noticed a four-headed hydra
 14716 | Lair:2   | Noticed Urug
 14770 | Lair:3   | Reached skill level 12 in Maces & Flails
 14813 | Lair:3   | HP: 3/76 [komodo dragon (10)]
 14821 | Lair:3   | Reached ***** piety under Okawaru
 15224 | Lair:3   | Reached skill level 1 in Invocations
 15292 | Lair:3   | Reached skill level 5 in Dodging
 15404 | Lair:3   | Noticed a catoblepas
 15467 | Lair:3   | Noticed a five-headed hydra
 15485 | Lair:3   | Killed a five-headed hydra
 15851 | Lair:3   | Killed a catoblepas
 16233 | Lair:3   | Received a gift from Okawaru
 16577 | Lair:3   | Reached skill level 13 in Maces & Flails
 16788 | Lair:2   | Killed Urug
 16788 | Lair:2   | Reached XP level 13. HP: 82/82 MP: 14/14
 16798 | Lair:2   | Found a staircase to the Shoals.
 16987 | Lair:2   | Reached skill level 10 in Fighting
 17504 | Lair:4   | Learned a level 1 spell: Sandblast
 17591 | Lair:4   | Learned a level 2 spell: Passwall
 17755 | Lair:4   | Killed from afar by a rime drake

Skill      XL: |  1  2  3  4  5  6  7  8  9 10 11 12 13 |
---------------+----------------------------------------+-----
Maces & Flails | 3 5 7 8 10 11 13 | 13.5
Shields        | 4 5 7 8 9 10 11 12 | 12.3
Fighting       | 4 5 6 7 8 9 10 | 10.1
Armour         | 4 5 6 7 8 |  8.8
Dodging        | 1 2 3 4 5 |  5.9
Stealth        | 1 |  1.3
Invocations    | 1 |  1.4

Action                   |  1- 3 |  4- 6 |  7- 9 | 10-12 | 13-15 || total
-------------------------+-------+-------+-------+-------+-------++-------
Melee: Flail             |   168 |   143 |   599 |   968 |       ||  1878
       Morningstar       |       |       |       |    52 |   110 ||   162
Invok: Heroism           |       |       |       |    10 |       ||    10
Evoke: Wand              |       |       |     3 |       |       ||     3
  Use: Potion            |       |       |     7 |     2 |       ||     9
       Scroll            |       |       |    16 |     6 |     2 ||    24
  Eat: Chunk             |     2 |     4 |    19 |    23 |     2 ||    50
       Fruit             |       |       |       |     3 |       ||     3
       Royal jelly       |       |       |       |     1 |     1 ||     2
Armor: Scale mail        |   105 |    76 |   328 |    94 |       ||   603
       Ring mail         |       |       |       |   261 |    53 ||   314
Dodge: Dodged            |    52 |    39 |   282 |   357 |    29 ||   759
Block: Shield            |    86 |    97 |   212 |       |       ||   395
       Buckler           |       |       |   262 |   561 |       ||   823
       Reflection        |       |       |     7 |    16 |     2 ||    25
       Large shield      |       |       |       |    45 |   147 ||   192
